 Dungeon Crawl Stone Soup version 0.23.0-3-gf3c87f2 (webtiles) character file.

Game seed: 16903864232429560808

308 Mgcat the Covered (level 6, -4/51 HPs)
             Began as a Barachi Fighter on Feb 24, 2019.
             Killed by divine providence
             ... invoked by an orc priest
              (12 damage)
             ... on level 3 of the Dungeon.
             The game lasted 00:06:25 (2115 turns).

Mgcat the Covered (Barachi Fighter)                 Turns: 2115, Time: 00:06:26

Health: -4/51      AC: 14    Str: 19    XL:     6   Next: 40%
Magic:  6/6        EV:  3    Int:  8    God:
Gold:   105        SH: 10    Dex: 12    Spells: 5/5 levels left

rFire    . . .     SeeInvis .   a - +0 war axe
rCold    . . .     Gourm    .   c - +0 shield
rNeg     . . .     Faith    .   v - +0 plate armour
rPois    .         Spirit   .   (no helmet)
rElec    .         Reflect  .   u - +0 cloak
rCorr    .         Harm     .   (no gloves)
MR       .....                  p - +0 pair of boots
Stlth    ..........             (no amulet)
HPRegen  0.17/turn              (no ring)
MPRegen  0.10/turn              (no ring)

@: slow
A: +LOS, swims, slowness 1, strong legs 1
a: Hop


You were on level 3 of the Dungeon.
You were not hungry.

You visited 1 branch of the dungeon, and saw 3 of its levels.

You collected 105 gold pieces.

Inventory:

Hand Weapons
 a - a +0 war axe (weapon)
Armour
 b - a +0 scale mail
 c - a +0 shield (worn)
 p - a +0 pair of boots (worn)
   (You found it on level 2 of the Dungeon)
 u - a +0 cloak (worn)
   (You found it on level 3 of the Dungeon)
 v - a +0 plate armour (worn)
   (You found it on level 3 of the Dungeon)
Wands
 o - a wand of digging (6)
   (You found it on level 2 of the Dungeon)
Scrolls
 h - 4 scrolls of remove curse
 j - 5 scrolls of teleportation
Potions
 d - a potion of might
 e - 3 potions of lignification {unknown}
 k - a potion of haste {unknown}
 n - 2 potions of heal wounds {unknown}
 q - a potion of magic
 s - 2 potions of cancellation {unknown}
Comestibles
 f - 5 rations


   Skills:
 - Level 5.0 Fighting
 + Level 4.2 Axes
 - Level 5.0 Armour
 + Level 4.9 Shields


You had 5 spell levels left.
You didn't know any spells.
Your spell library was empty.

Dungeon Overview and Level Annotations

Branches:
Dungeon (3/15)

Altars:
Ashenzari


Innate Abilities, Weirdness & Mutations

Shadows flee at your approach. (+LOS)
You can swim through water.
You cover ground slowly.
You can hop short distances.


Message History

It was a scroll of blinking.
Health restored: 51
As you read the scroll labeled NEBOF BICLUUWN, it crumbles to dust.
You feel strangely unstable.
It was a scroll of teleportation.
As you read the scroll labeled JINEAV YPTEFF, it crumbles to dust.
It is a scroll of amnesia.
You feel forgetful for a moment.
As you read the scroll labeled GEABUA CIPNEU, it crumbles to dust.
You feel aware of your surroundings.
You sensed 2 altars.
It was a scroll of magic mapping.
Your surroundings suddenly seem different.
You block the bat's attack.
A bat comes into view.
You block the bat's attack. The bat hits you but does no damage.
You block the bat's attack. The bat hits you but does no damage.
The bat hits you but does no damage.
You closely miss the bat. You block the bat's attack.
The bat hits you but does no damage.
Your plate armour prevents you from hitting the bat.
The bat hits you but does no damage.
You miss the bat. The bat hits you but does no damage.
You hit the bat.
You kill the bat!
No target in view!
No target in view!
You butcher the bat corpse.
g - a chunk of flesh {@w0} You see here a bat skeleton. x2
Eating a chunk of flesh {@w0}.
You eat the chunk of flesh {@w0}.
This raw flesh tastes terrible.
Your magical contamination has completely faded away.
An orc priest comes into view.
The orc priest shouts!
Spoiler Alert: The orc priest can smite you!
An orc comes into view. It is wielding a -3 mace.
The orc shouts!
An orc priest comes into view. It is wielding a +0 dagger.
The orc priest shouts!
The orc priest mumbles some strange prayers to Beogh against you.
Pain shoots through your body!
You take 14 damage, and have 37/51 hp.
MASSIVE DAMAGE!!
Warning x2: The orc priest can smite you! x2
You are too injured to fight recklessly!
Your shield and plate armour prevent you from hitting the orc priest.
You block the orc priest's attack.
You hit the orc priest.
The orc priest is heavily wounded.
The orc priest looks braver for a moment.
The orc priest calls upon Beogh to heal the orc priest.
The orc priest is healed somewhat.
Warning x2: The orc priest can smite you! x2
You closely miss the orc priest.
The orc priest is lightly wounded.
You closely miss the orc.
The orc priest invokes the aid of Beogh against you.
Beogh smites you! The orc hits you but does no damage.
The orc priest hits you but does no damage.
You take 10 damage, and have 28/51 hp.
Warning x2: The orc priest can smite you! x2
You hit the orc priest.
The orc priest is heavily wounded.
You hit the orc.
The orc priest hits you but does no damage.
You block the orc's attack.
The orc priest calls upon Beogh to heal the orc.
The orc's wounds heal themselves!
Warning x2: The orc priest can smite you! x2
You hit the orc priest.
The orc priest is severely wounded.
Your shield and plate armour prevent you from hitting the orc.
You block the orc priest's attack. The orc hits you but does no damage.
The orc priest hits you.
You take 1 damage, and have 27/51 hp.
Warning x2: The orc priest can smite you! x2
Your shield and plate armour prevent you from hitting the orc priest.
The orc priest is severely wounded.
You slash the orc!
You kill the orc!
You block the orc priest's attack.
You slash the orc priest!
You kill the orc priest!
The orc priest mumbles some strange prayers to Beogh against you.
Beogh smites you!
* * * LOW HITPOINT WARNING * * *
You take 12 damage, and have 15/51 hp.
MASSIVE DAMAGE!!
Spoiler Alert: The orc priest can smite you!
You hit the orc priest but do no damage.
The orc priest mumbles some strange prayers to Beogh against you.
Pain shoots through your body!
* * * LOW HITPOINT WARNING * * *
You take 8 damage, and have 7/51 hp.
You barely miss the orc priest. You block the orc priest's attack. x2
Spoiler Alert: The orc priest can smite you!
Your shield and plate armour prevent you from hitting the orc priest.
The orc priest hits you but does no damage.
Your plate armour prevents you from hitting the orc priest.
The orc priest mumbles some strange prayers to Beogh against you.
Beogh smites you!
You die...

###########*,,.#..,*
#..÷P.P...##,,....,#
#.P.P..÷..##.,#..#.#
#......÷P÷##.....#.#
#.÷...P...##..#..#.#
#.....÷.P.###.#..#.#
#.........##.......#
##'########*#..†o.#*
##.).(((####.#.@.#
########(##.....##
#....'..###.....#
##....######.....#
##.......##......#
##.......##....÷.#
##...)...##......#
##.(.....##......#
###.....###......#


You could see an orc priest.

Vanquished Creatures
  A hound (D:2)
  An orc priest (D:3)
  3 jellies (D:3)
  A gnoll (D:2)
  4 adders
  10 oozes
  A worm (D:2)
  3 dart slugs
  5 leopard geckos
  An orc (D:3)
  3 giant cockroaches
  2 goblins
  4 hobgoblins
  3 jackals (D:1)
  2 quokkas
  9 bats
  A frilled lizard (D:2)
  9 kobolds
  3 rats
66 creatures vanquished.

Vanquished Creatures (others)
  3 fungi (D:3)
  8 toadstools (D:3)
11 creatures vanquished.

Grand Total: 77 creatures vanquished

Notes
Turn   | Place    | Note
-------+----------+-------------------------------------------
     0 | D:1      | Mgcat the Barachi Fighter began the quest for the Orb.
     0 | D:1      | Reached XP level 1. HP: 18/18 MP: 1/1
    42 | D:1      | Reached XP level 2. HP: 21/25 MP: 2/2
   243 | D:1      | Reached skill level 4 in Fighting
   315 | D:1      | Reached skill level 4 in Armour
   438 | D:1      | Reached XP level 3. HP: 30/30 MP: 3/3
   968 | D:2      | Reached skill level 3 in Axes
   968 | D:2      | Reached XP level 4. HP: 34/37 MP: 4/4
  1245 | D:2      | Found a shattered altar of Ashenzari.
  1263 | D:2      | Reached skill level 4 in Shields
  1289 | D:2      | Reached XP level 5. HP: 39/43 MP: 5/5
  1758 | D:3      | HP: 6/43 [acid (5)]
  1759 | D:3      | Reached skill level 5 in Fighting
  1759 | D:3      | Reached skill level 5 in Armour
  1759 | D:3      | Reached XP level 6. HP: 8/51 MP: 6/6
  1978 | D:3      | Reached skill level 4 in Axes
  2112 | D:3      | HP: 7/51 [orc priest/nerve-wracking pain (8)]
  2115 | D:3      | Killed from afar by an orc priest

Skill      XL: |  1  2  3  4  5  6 |
---------------+-------------------+-----
Fighting       | 4 5 |  5.0
Armour         | 4 5 |  5.0
Axes           | 3 4 |  4.2
Shields        | 4 |  4.9

Action                   |  1- 3 |  4- 6 || total
-------------------------+-------+-------++-------
Melee: War axe           |    98 |   149 ||   247
  Use: Scroll            |       |     8 ||     8
  Eat: Chunk             |     1 |     4 ||     5
Armor: Scale mail        |    51 |    29 ||    80
       Plate armour      |       |    59 ||    59
Dodge: Dodged            |    30 |    30 ||    60
Block: Shield            |    56 |   100 ||   156

Levels and vault maps discovered:
D:1:      onia_arrival_pyramid, layout_loops_ring
D:2:      layout_basic, ashenzari_conservatory_becter,
          minmay_fractal_squares_gapless_5
D:3:      cheibrodos_fertilizer, layout_rooms, nemelex_altar_shiori,
          minivault_27, kennysheep_okawaru_gauntlet

Table legend:
 A = Turns spent in this place as a percentage of turns spent in the entire game.
 B = Non-inter-level travel turns spent in this place as a percentage of non-inter-level travel turns spent in the entire game.
 C = Inter-level travel turns spent in this place as a percentage of turns spent in this place.
 D = Turns resting spent in this place as a percentage of non-inter-level travel turns spent in this place.
 E = Turns spent auto-exploring this place as a percentage of non-inter-level travel turns spent in this place.
 F = Non-inter-level travel turns spent in this place divided by the number of levels of this place that you've seen.
                   A       B       C       D       E      F
               +-------+-------+-------+-------+-------+----------------------
         Total | 100.0 | 100.0 |   4.9 |   6.2 |  68.9 | 670.3
       Dungeon | 100.0 | 100.0 |   4.9 |   6.2 |  68.9 | 670.3
               +-------+-------+-------+-------+-------+----------------------

Table legend:
 A = Kills in this place as a percentage of kills in entire the game.
 B = Kills by you in this place as a percentage of kills by you in the entire game.
 C = Kills by friends in this place as a percentage of kills by friends in the entire game.
 D = Other kills in this place as a percentage of other kills in the entire game.
 E = Experience gained in this place as a percentage of experience gained in the entire game.
 F = Experience gained in this place divided by the number of levels of this place that you have seen.
                   A       B       C       D       E      F
               +-------+-------+-------+-------+-------+----------------------
         Total | 100.0 | 100.0 |   N/A |   N/A | 100.0 | 147.0
       Dungeon | 100.0 | 100.0 |   N/A |   N/A | 100.0 | 147.0
               +-------+-------+-------+-------+-------+----------------------
